 Dungeon Sprint DCSS version 0.19.1 (webtiles) character file.

4600000 KingBobo974 the Invulnerable (level 27, -21/249 HPs)
             Began as a Formicid Fighter on Dec 15, 2016.
             Was the Champion of Makhleb.
             Demolished by a destroyer
             ... wielding a +9 great sword of slicing
              (56 damage)
             ... in the Dungeon (Sprint VIII: "Arena of Blood").
             The game lasted 00:03:27 (46 turns).

KingBobo974 the Invulnerable (Formicid Fighter)       Turns: 46, Time: 00:03:29

Health: -21/249    AC: 13    Str: 32    XL:     27
Magic:  23/54      EV: 24    Int: 10    God:    Makhleb [******]
Gold:   0          SH: 19    Dex: 10    Spells: 0 memorised, 80 levels left

rFire  . . .     SeeInvis +     k - +∞ Axe of Woe
rCold  . . .     Gourm    .     a - +0 scale mail
rNeg   . . .     Faith    .     b - +0 shield
rPois  .         Spirit   .     (helmet unavailable)
rElec  .         Reflect  .     (no cloak)
rCorr  .         Harm     .     (no gloves)
MR     ++...                    (no boots)
Stlth  ++++++++..               (no amulet)
                                m - +30 ring of slaying
                                l - +30 ring of slaying

@: no status effects
A: permanent stasis, dig shafts and tunnels, four strong arms, antennae 3
a: Dig, Minor Destruction, Lesser Servant of Makhleb, Major Destruction, Greater
Servant of Makhleb, Renounce Religion


You were in the Dungeon.
You worshipped Makhleb.
Makhleb was exalted by your worship.
You were not hungry.

You visited 1 branch

Inventory:

Hand Weapons
 k - the +∞ Axe of Woe (weapon)
   (You found it in the Dungeon)
Armour
 a - a +0 scale mail (worn)
 b - a +0 shield (worn)
Jewellery
 l - a +30 ring of slaying (left hand)
 m - a +30 ring of slaying (right hand)
Scrolls
 j - a scroll of blinking
Potions
 c - a potion of might
 e - a potion of curing
 f - a potion of heal wounds
 g - a potion of haste
 h - 2 potions of magic
 i - a potion of berserk rage
Comestibles
 d - a bread ration


   Skills:
 O Level 27 Fighting
 O Level 27 Axes
 O Level 27 Throwing
 O Level 27 Armour
 O Level 27 Dodging
 O Level 27 Stealth
 O Level 27 Shields
 O Level 27 Unarmed Combat
 O Level 27 Spellcasting
 O Level 27 Invocations


You had 80 spell levels left.
You didn't know any spells.

Dungeon Overview and Level Annotations

Branches:
Dungeon (1/1)

Altars:
Makhleb


Innate Abilities, Weirdness & Mutations

You are under a permanent stasis effect.
You can dig through walls and to a lower floor.
Your four strong arms can wield two-handed weapons with a shield.
You have a pair of large antennae on your head. (SInv)


Message History

Makhleb accepts your kill.
You slice the sculptor of flesh!!
You dissect the sculptor of flesh like a pig carcass.
You destroy the sculptor of flesh!
Makhleb accepts your kill.
You open the crawling corpse like a pillowcase!!!
You dissect the crawling corpse like a pig carcass.
You destroy the crawling corpse!
You hear a shout! x2
The destroyer blinks! x2
A bag of meat comes into view. It is wielding a +9 war axe.
Unknown command.
An orc and a hill giant come into view.
You hear a shout! x3
The sculptor of flesh is engulfed in roaring flames.
The corpses begin to drag themselves along the ground!
The destroyer hits you with a +9 great sword of slicing!!!!!
Ouch! That really hurt!
* * * LOW HITPOINT WARNING * * *
You die...

........%.....
...........%o
.......§..%.
...........
.%........
#...x...#
#...CVxV# ..
.###...z§@x###...
...C..###))O...o.
......._))O...Oo.
....#...x)#.o....
. #_.<)_#......
#.)..)#.§.o..
......)_.%.......
......###%Vz.....
.###o. ...###...


You could see 3 destroyers, a sculptor of flesh, 2 large bags of meat, 3 meat
berserkers, a small abomination, 5 bags of meat and 3 crawling corpses.

Vanquished Creatures
  6 vampire knights (D)
  9 ogres (D)
  24 orcs (D)
  2 hill giants (D)
  A skeletal warrior (D)
  A large abomination (D)
  2 crawling corpses (D)
45 creatures vanquished.

Vanquished Creatures (others)
  A crawling corpse (D)
1 creature vanquished.

Grand Total: 46 creatures vanquished

Notes
Turn   | Place    | Note
-------+----------+-------------------------------------------
     0 | D        | KingBobo974 the Formicid Fighter began the quest for the Orb.
     0 | D        | Reached XP level 1. HP: 18/18 MP: 1/1
     3 | D        | Became a worshipper of Makhleb the Destroyer
     6 | D        | Noticed a bag of meat
     8 | D        | Noticed a bag of meat
     8 | D        | Noticed a meat berserker
     9 | D        | Noticed a bag of meat
    10 | D        | Noticed a bag of meat
    10 | D        | Killed a bag of meat
    10 | D        | Reached XP level 2. HP: 26/46 MP: 2/2
    10 | D        | Reached XP level 3. HP: 30/52 MP: 3/3
    10 | D        | Reached XP level 4. HP: 34/59 MP: 4/4
    10 | D        | Reached XP level 5. HP: 38/66 MP: 5/5
    10 | D        | Reached XP level 6. HP: 42/73 MP: 6/6
    10 | D        | Reached XP level 7. HP: 46/79 MP: 7/7
    10 | D        | Reached XP level 8. HP: 50/86 MP: 8/8
    10 | D        | Reached XP level 9. HP: 53/92 MP: 9/9
    10 | D        | Reached XP level 10. HP: 58/100 MP: 10/10
    10 | D        | Reached XP level 11. HP: 61/106 MP: 11/11
    10 | D        | Reached XP level 12. HP: 65/113 MP: 12/12
    10 | D        | Killed a bag of meat
    10 | D        | Reached * piety under Makhleb
    10 | D        | Reached skill level 5 in Axes
    10 | D        | Reached XP level 13. HP: 72/125 MP: 13/13
    12 | D        | Noticed a bag of meat
    12 | D        | Killed a meat berserker
    12 | D        | Reached XP level 14. HP: 82/140 MP: 14/14
    12 | D        | Reached XP level 15. HP: 86/146 MP: 15/15
    13 | D        | Reached skill level 10 in Axes
    14 | D        | Reached ** piety under Makhleb
    14 | D        | Reached XP level 16. HP: 140/159 MP: 16/16
    16 | D        | Noticed a meat berserker
    19 | D        | Noticed a large bag of meat
    21 | D        | Noticed a meat berserker
    21 | D        | Noticed a destroyer
    21 | D        | Killed a meat berserker
    21 | D        | Reached *** piety under Makhleb
    21 | D        | Reached skill level 27 in Fighting
    21 | D        | Reached skill level 27 in Armour
    21 | D        | Reached skill level 27 in Shields
    21 | D        | Reached XP level 17. HP: 174/174 MP: 17/17
    23 | D        | Killed a large bag of meat
    23 | D        | Reached skill level 15 in Unarmed Combat
    25 | D        | Reached XP level 18. HP: 133/182 MP: 18/18
    26 | D        | Noticed a meat berserker
    26 | D        | Killed a meat berserker
    26 | D        | Reached **** piety under Makhleb
    26 | D        | Reached skill level 27 in Axes
    26 | D        | Reached XP level 19. HP: 171/189 MP: 19/19
    26 | D        | Killed a destroyer
    27 | D        | Reached skill level 27 in Unarmed Combat
    27 | D        | Reached XP level 20. HP: 197/197 MP: 20/20
    28 | D        | Reached skill level 27 in Stealth
    30 | D        | Reached ***** piety under Makhleb
    30 | D        | Reached skill level 10 in Throwing
    30 | D        | Reached skill level 10 in Spellcasting
    31 | D        | Killed a meat berserker
    31 | D        | Reached XP level 21. HP: 204/204 MP: 20/39
    31 | D        | Reached skill level 15 in Throwing
    31 | D        | Reached skill level 15 in Spellcasting
    32 | D        | Reached skill level 15 in Dodging
    33 | D        | Noticed a meat berserker
    33 | D        | Reached XP level 22. HP: 212/212 MP: 20/44
    35 | D        | Noticed a destroyer
    35 | D        | Noticed a destroyer
    35 | D        | Killed a destroyer
    35 | D        | Reached ****** piety under Makhleb
    36 | D        | Noticed a meat berserker
    36 | D        | Noticed a meat berserker
    36 | D        | Noticed a meat berserker
    36 | D        | Noticed a destroyer
    36 | D        | Noticed a destroyer
    36 | D        | Noticed a destroyer
    37 | D        | Killed a destroyer
    37 | D        | Reached XP level 23. HP: 219/219 MP: 21/48
    37 | D        | Reached skill level 27 in Dodging
    38 | D        | Killed a destroyer
    38 | D        | Reached skill level 27 in Invocations
    38 | D        | Reached XP level 24. HP: 227/227 MP: 21/53
    38 | D        | Reached skill level 27 in Throwing
    38 | D        | Reached skill level 27 in Spellcasting
    39 | D        | Killed a destroyer
    39 | D        | Reached XP level 25. HP: 234/234 MP: 21/54
    42 | D        | Noticed a destroyer
    42 | D        | Reached XP level 26. HP: 242/242 MP: 22/54
    43 | D        | Noticed a destroyer
    43 | D        | Killed a destroyer
    44 | D        | Reached XP level 27. HP: 249/249 MP: 23/54
    45 | D        | Noticed a destroyer
    46 | D        | Demolished by a destroyer

Skill      XL: |  1  2  3  4  5  6  7  8  9 10 11 12 13 14 15 16 17 18 19 20 21 22 23 24 |
---------------+-------------------------------------------------------------------------+-----
Fighting       | 16 19 22 24 27 | 27.0
Axes           | 4 5 8 11 18 23 27 | 27.0
Armour         | 17 20 22 24 27 | 27.0
Shields        | 18 20 23 25 27 | 27.0
Unarmed Combat | 8 9 11 12 14 16 20 27 | 27.0
Stealth        | 2 7 11 17 25 27 | 27.0
Throwing       | 14 18 21 26 27 | 27.0
Dodging        | 13 16 26 27 | 27.0
Spellcasting   | 14 18 21 26 27 | 27.0
Invocations    | 16 21 24 27 | 27.0

Action                   |  1- 3 |  4- 6 |  7- 9 | 10-12 | 13-15 | 16-18 | 19-21 | 22-24 | 25-27 || total
-------------------------+-------+-------+-------+-------+-------+-------+-------+-------+-------++-------
Melee: Executioner's axe |     1 |       |       |       |     3 |     6 |     6 |     5 |     6 ||    27
 Abil: Dig               |       |       |       |       |       |     1 |       |     2 |       ||     3
 Stab: Distracted        |       |       |       |       |     1 |       |       |       |       ||     1
Dodge: Dodged            |       |       |       |       |       |     1 |       |       |       ||     1
Block: Shield            |       |       |       |       |       |       |       |     1 |       ||     1
